 Dungeon Crawl Stone Soup version 0.30-a0-1082-g70414cbcbb (webtiles) character file.

Game seed: 16913944681313536459

7 CryoSword the Trooper (level 1, -1/18 HPs)
             Began as a Demonspawn Fighter on Apr 15, 2023.
             Slain by a goblin
             ... wielding a +0 dagger
              (3 damage)
             ... on level 1 of the Dungeon.
             The game lasted 00:00:14 (94 turns).

CryoSword the Trooper (Demonspawn Fighter)            Turns: 94, Time: 00:00:14

Health: -1/18      AC:  6    Str: 16    XL:     1   Next: 83%
Magic:  1/1        EV:  8    Int:  9    God:
Gold:   17         SH:  4    Dex: 12    Spells: 0/0 levels left

rFire   . . .      SeeInvis .    a - +0 war axe
rCold   . . .      Faith    .    c - +0 buckler
rNeg    . . .      Spirit   .    b - +0 scale mail
rPois   .          Reflect  .    (no helmet)
rElec   .          Rampage  .    (no cloak)
rCorr   .                        (no gloves)
Will    .....                    (no boots) Stlth
                                 (no amulet)
HPRegen 0.23/turn                (no ring)
MPRegen 0.07/turn                (no ring)

@: no status effects
A: no striking features
a: no special abilities


You were on level 1 of the Dungeon.
You visited 1 branch of the dungeon, and saw 1 of its levels.

You collected 17 gold pieces.

Inventory:

Hand Weapons
 a - a +0 war axe (weapon)
Armour
 b - a +0 scale mail (worn)
 c - a +0 buckler (worn)
Potions
 d - a potion of might


   Skills:
 - Level 3.0 Fighting
 + Level 2.4 Axes
 - Level 2.6 Armour
 - Level 2.6 Shields


You couldn't memorise any spells.
You didn't know any spells.
Your spell library was empty.

Dungeon Overview and Level Annotations

Branches:
Dungeon (1/15)

Altars:


Message History

Could not explore, unopened door.
Could not explore, unopened door.
You open the door.
Found a leather armour and a barding.
There is an open door here.
A quokka and a bat come into view.
You block the bat's attack.
There are monsters nearby!
There are monsters nearby!
You closely miss the bat. The bat barely misses you.
The bat hits you but does no damage.
You hit the quokka but do no damage. The bat closely misses you.
The quokka bites you but does no damage.
You hit the quokka. The quokka barely misses you. The bat hits you.
The quokka barely misses you.
You closely miss the quokka. The bat closely misses you. The quokka bites you.
The bat hits you but does no damage. The quokka barely misses you.
You closely miss the quokka. You hit the bat.
You kill the bat!
You block the quokka's attack. The quokka bites you.
Your Axes skill increases to level 2!
You hit the quokka.
You kill the quokka!
No target in view!
No target in view!
No target in view!
No target in view!
No target in view!
No target in view!
No target in view!
No target in view!
No target in view!
No target in view!
A rat comes into view.
Found an escape hatch in the floor.
A rat is nearby!
A rat is nearby!
A rat is nearby!
A ball python comes into view.
The ball python hisses angrily.
The rat barely misses you.
You closely miss the rat. The rat bites you but does no damage.
You hit the rat but do no damage. The rat bites you but does no damage.
The rat closely misses you.
You closely miss the rat. You block the rat's attack.
You block the ball python's attack. The ball python grabs you.
The ball python constricts you.
You barely miss the ball python. You barely miss the rat. The rat bites you.
The ball python bites you but does no damage.
The ball python constricts you. The ball python barely misses you.
The ball python constricts you. You block the rat's attack.
You closely miss the ball python. You closely miss the rat.
The ball python bites you but does no damage.
The ball python constricts you. The rat bites you but does no damage.
You slash the ball python!
You kill the ball python!
You hit the rat. The rat barely misses you. x2
You barely miss the rat. The rat bites you but does no damage.
You hit the rat.
You kill the rat!
No target in view!
No target in view!
No target in view!
No target in view!
No target in view!
No target in view!
No target in view!
No target in view!
No target in view!
No target in view!
No target in view!
You see here a rat corpse.
Could not explore, unopened door.
Could not explore, unopened door.
Could not explore, unopened door.
You open the door.
A rat comes into view.
A rat is nearby!
A rat is nearby!
A rat is nearby!
A rat and a ball python come into view.
The ball python hisses angrily.
A goblin comes into view. It is wielding a +0 club.
There is an open door here.
The goblin shouts!
You hear a shout!
The rat bites you.
A ball python comes into view.
You closely miss the rat.
The ball python hisses angrily.
The rat barely misses you. You block the rat's attack.
You closely miss the rat. The rat barely misses you.
A goblin comes into view. It is wielding a +0 dagger.
You slash the rat!
You kill the rat!
You closely miss the rat. The rat bites you but does no damage.
The rat twitches its whiskers.
The rat bites you but does no damage. You block the ball python's attack.
The ball python grabs you. The ball python constricts you.
You closely miss the ball python. You hit the rat.
You kill the rat!
The ball python barely misses you. The ball python constricts you.
The ball python bites you.
The ball python bites you but does no damage.
The ball python constricts you.
You closely miss the ball python. You hit the ball python.
You kill the ball python!
You hit the goblin. The goblin hits you with a +0 club.
The ball python bites you but does no damage.
The ball python constricts you. The goblin barely misses you.
You closely miss the ball python. You miss the goblin.
The ball python bites you but does no damage.
The ball python constricts you. The goblin hits you with a +0 club.
The ball python bites you. The ball python constricts you.
You are too injured to fight recklessly!
You are too injured to fight recklessly!
You are too injured to fight recklessly!
You are too injured to fight recklessly!
You are too injured to fight recklessly!
You are too injured to fight recklessly!
You are too injured to fight recklessly!
You are too injured to fight recklessly!
You are too injured to fight recklessly!
You are too injured to fight recklessly!
You are too injured to fight recklessly!
You are too injured to fight recklessly!
You are too injured to fight recklessly!
You are too injured to fight recklessly!
Unknown command.
You barely miss the goblin. You hit the ball python.
The ball python bites you but does no damage.
The ball python constricts you. The goblin hits you but does no damage.
You block the goblin's attack. The goblin hits you with a +0 club.
* * * LOW HITPOINT WARNING * * *
The ball python bites you but does no damage.
The ball python constricts you.
* * * LOW HITPOINT WARNING * * *
You closely miss the goblin. You barely miss the ball python.
You closely miss the goblin.
The ball python bites you but does no damage.
The ball python constricts you. The goblin barely misses you.
You block the goblin's attack.
You closely miss the goblin. x2; You hit the ball python.
You kill the ball python!
You block the goblin's attack. The goblin completely misses you.
The goblin hits you with a +0 club.
* * * LOW HITPOINT WARNING * * *
The goblin hits you with a +0 dagger.
You die...

.. ........# ..
........# #. ........#
...# ##..# ........#
#...# .##...# ........#
#...# ....... ........#
#...# .......
......†g###...# ####..#
......g@'>#...#######..#
........#.#...##........
#########.....#.........
##.††.#...##...# .
##.###..####..#
..#####.# #..####..#
##......# #...##...#
#.......###........#
#..##.....#'......##


You could see 2 goblins.

Vanquished Creatures
  2 bats (D:1)
  A quokka (D:1)
  3 ball pythons (D:1)
  3 rats (D:1)
9 creatures vanquished.

Notes
Turn   | Place    | Note
-------+----------+-------------------------------------------
     0 | D:1      | CryoSword the Demonspawn Fighter began the quest for the
                  | Orb.
     0 | D:1      | Reached XP level 1. HP: 18/18 MP: 1/1
    94 | D:1      | Slain by a goblin

Illustrated notes

Levels and vault maps discovered:
D:1:      minmay_arrival_four_loops, layout_basic

Skill      XL: |  1 |
---------------+----+-----
Axes           | 2 |  2.4
Fighting       | |  3.0
Armour         | |  2.6
Shields        | |  2.6

Action                     || total
---------------------------++-------
  Melee: War axe           ||    26
 Armour: Scale mail        ||    19
  Dodge: Dodged            ||    19
  Block: Buckler           ||    10

Table legend: (Time is in decaauts)
 A = Elapsed time spent in this place.
 B = Non-inter-level travel time spent in this place.
 C = Inter-level travel time spent in this place.
 D = Time resting spent in this place.
 E = Time spent auto-exploring this place.
 F = Levels seen in this place.
 G = Mean time per level.
                   A        B        C        D        E       F      G
               +--------+--------+--------+--------+--------+-----+--------+
         Total |    105 |    105 |      0 |      0 |     59 |   1 |  105.0 |
       Dungeon |    105 |    105 |      0 |      0 |     59 |   1 |  105.0 |
               +--------+--------+--------+--------+--------+-----+--------+

Top non-repeatable levels by time:
     D:1: 105 daAuts
